 Dungeon Sprint DCSS version 0.32-a0-673-g3729bd50f8 (webtiles) character file.

Game seed: 4712123209747297074

449 dialectric the Unseen (level 6, -1/32 HPs)
             Began as a Spriggan Brigand on Mar 11, 2024.
             Was an Initiate of Dithmenos.
             Slain by Sonja
             ... wielding a +1 short sword of distortion
              (12 damage)
             ... in the Dungeon (Sprint I: "Red Sonja").
             The game lasted 00:01:06 (149 turns).

dialectric the Unseen (Spriggan Brigand)             Turns: 149, Time: 00:01:07

Health: -1/32      AC:  3    Str:  7    XL:     6   Next: 74%
Magic:  7/7        EV: 17    Int: 13    God:    Dithmenos [......]
Gold:   308        SH:  0    Dex: 18    Spells: 5/5 levels left

rFire   . . .        a - +2 dagger
rCold   . . .        (no shield)
rNeg    . . .        b - +0 robe
rPois   .            (helmet restricted)
rElec   .            c - +0 cloak
rCorr   .            (gloves unavailable)
SInv    +            (boots unavailable)
Will    +....        (no amulet)
Stlth   ++++++++     (no ring)
HPRegen 0.25/turn    (no ring)
MPRegen 0.10/turn

%: no teleportation
@: very quick
A: very small, no large weapons, unfitting armour, see invisible, speed 3
a: Renounce Religion


You were in the Dungeon.
You worshipped Dithmenos.
Dithmenos was noncommittal.
You visited 1 branch You collected 308 gold pieces.

Inventory:

Hand Weapons
 a - a +2 dagger (weapon)
Missiles
 d - 9 poisoned darts (quivered)
 e - 3 curare-tipped darts
Armour
 b - a +0 robe (worn)
 c - a +0 cloak (worn)
Scrolls
 k - a scroll of blinking
Potions
 f - a potion of curing
 g - a potion of heal wounds
 h - a potion of haste
 i - 2 potions of magic
 j - a potion of berserk rage


   Skills:
 + Level 3.2 Fighting
 + Level 4.7 Short Blades
 - Level 2.5 Throwing
 + Level 2.1 Dodging
 * Level 20.4 Stealth


You had 5 spell levels left.
You didn't know any spells.
Your spell library was empty.

Dungeon Overview and Level Annotations

Branches:
Dungeon (1/1)

Altars:
Cheibriados
Dithmenos
Elyvilon
Fedhas
Gozag
Hepliaklqana
Kikubaaqudgha
Makhleb
Nemelex Xobeh
Okawaru
Qazlal
Ru
Sif Muna
Trog
Uskayaw
Vehumet
Wu Jian
Xom
Yredelemnul
Zin
The Shining One
Jiyva
Lugonu

Shops:
D (

Annotations:
D Sonja


Innate Abilities, Weirdness & Mutations

You are very small and have problems with some larger weapons.
You are too small for most types of armour.
You have supernaturally acute eyesight. (SInv)
You cover ground extremely quickly. (Speed+++)


Message History

There is an open door here.
The slime creature barely misses you.
There is an open door here.
The slime creature attacks as it pursues you!
The slime creature hits you!!
Ouch! That really hurt!
Items here: ) / [ †.
There is an open door here.
You close the door.
You see here a +0 giant spiked club.
There is an open door here.
There is an open door here.
You open the door.
Found 54 gold pieces.
There is an open door here.
You now have 281 gold pieces (gained 27).
You now have 308 gold pieces (gained 27).
There is an open door here.
There is an open door here.
There is an open door here.
There is an open door here.
You see here a +0 trident.
You see here 5 stones.
There is an open door here.
You see here a yak corpse.
There is an entrance to Xewnui's Weapon Emporium here.
There is an entrance to Xewnui's Weapon Emporium here.
You see here a yak corpse.
There is an open door here.
There is a radiant altar of Vehumet here.
You open the door.
Sonja, the Graceful Assassin comes into view.
She is wielding a +1 short sword of distortion and quivering curare-tipped darts.
Found 54 gold pieces.
Found 54 gold pieces.
There is an open door here.
Sonja shouts!
Sonja hits you with a +1 short sword of distortion.
Space warps horribly around you!
You die...
Sonja applauds herself.

#..#####'#####'#__#
#..####..#...#)####
#..#__####..##(#
#..#_____##'#_.+
#⌠⌠#_.∩..†'..._#
####_..__##_.#'#
#_____###'#.#
#########.###


+$@$+ #$K$# ##.## #+# You could see Sonja.

Vanquished Creatures
  Sigmund (D)
  A yak (D)
  An ogre (D)
  A jelly (D)
  Ijyb (D)
5 creatures vanquished.

Notes
Turn   | Place    | Note
-------+----------+-------------------------------------------
     0 | D        | dialectric the Spriggan Brigand began the quest for the
                  | Orb.
     0 | D        | Reached XP level 1. HP: 10/10 MP: 2/2
     2 | D        | Noticed Ijyb
     4 | D        | Killed Ijyb
     5 | D        | Reached skill level 9 in Stealth
     5 | D        | Reached XP level 2. HP: 15/15 MP: 3/3
     8 | D        | Noticed an ogre
    10 | D        | Killed an ogre
    11 | D        | Reached skill level 13 in Stealth
    11 | D        | Reached XP level 3. HP: 19/19 MP: 4/4
    11 | D        | Reached XP level 4. HP: 23/23 MP: 5/5
    13 | D        | Noticed Sigmund
    15 | D        | Killed Sigmund
    16 | D        | Reached skill level 18 in Stealth
    16 | D        | Reached XP level 5. HP: 28/28 MP: 6/6
    16 | D        | Reached XP level 6. HP: 32/32 MP: 7/7
    27 | D        | Found a shimmering blue altar of Sif Muna.
    28 | D        | Found an ornate altar of the Wu Jian Council.
    29 | D        | Found a radiant altar of Vehumet.
    47 | D        | Found Xewnui's Weapon Emporium.
    47 | D        | Found an ancient bone altar of Kikubaaqudgha.
    47 | D        | Found a hazy altar of Hepliaklqana.
    47 | D        | Found a hide-covered altar of Uskayaw.
    47 | D        | Found a basalt altar of Yredelemnul.
    47 | D        | Found an opulent altar of Gozag.
    47 | D        | Found a snail-covered altar of Cheibriados.
    47 | D        | Found a sacrificial altar of Ru.
    47 | D        | Found a shadowy altar of Dithmenos.
    47 | D        | Noticed a yak
    48 | D        | Found a stormy altar of Qazlal.
    48 | D        | Found a blossoming altar of Fedhas.
    48 | D        | Found a bloodstained altar of Trog.
    48 | D        | Found an iron altar of Okawaru.
    48 | D        | Found a glowing golden altar of the Shining One.
    48 | D        | Found a glowing silver altar of Zin.
    48 | D        | Found a white marble altar of Elyvilon.
    49 | D        | Killed a yak
    50 | D        | Reached skill level 20 in Stealth
    50 | D        | Found a sparkling altar of Nemelex Xobeh.
    56 | D        | Became a worshipper of Dithmenos the Shadowed
    78 | D        | Found a burning altar of Makhleb.
    78 | D        | Found a shimmering altar of Xom.
    78 | D        | Noticed a slime creature
    79 | D        | Found a viscous altar of Jiyva.
    79 | D        | Found a corrupted altar of Lugonu.
   146 | D        | Noticed Sonja
   149 | D        | Slain by Sonja

Illustrated notes

Levels and vault maps discovered:
D:        dungeon_sprint_1 [red_sonja_temple_1, red_sonja_temple_small_1]

Skill      XL: |  1  2  3  4  5  6 |
---------------+-------------------+-----
Fighting       | 2 3 |  3.2
Stealth        | 9 13 18 20 | 20.4
Short Blades   | 3 4 |  4.7
Dodging        | 2 |  2.1
Throwing       | |  2.5

Action                     |  1- 3 |  4- 6 || total
---------------------------+-------+-------++-------
  Melee: Dagger            |     2 |     3 ||     5
   Stab: Sleeping          |     2 |     3 ||     5
 Armour: Robe              |       |     3 ||     3
  Dodge: Dodged            |       |     1 ||     1

Table legend: (Time is in decaauts)
 A = Elapsed time spent in this place.
 B = Non-inter-level travel time spent in this place.
 C = Inter-level travel time spent in this place.
 D = Time resting spent in this place.
 E = Time spent auto-exploring this place.
 F = Levels seen in this place.
 G = Mean time per level.
                   A        B        C        D        E       F      G
               +--------+--------+--------+--------+--------+-----+--------+
         Total |    103 |    103 |      0 |      0 |      0 |   1 |  103.0 |
       Dungeon |    103 |    103 |      0 |      0 |      0 |   1 |  103.0 |
               +--------+--------+--------+--------+--------+-----+--------+

Top non-repeatable levels by time:
       D: 103 daAuts
